 Dungeon Crawl Stone Soup version 0.23.2-33-g5129a83184 (webtiles) character file.

Game seed: 10151754640060101681

157 Acheron the Chopper (level 5, -4/31 HPs)
             Began as a Gargoyle Gladiator on July 17, 2019.
             Slain by an ogre
             ... wielding a +0 giant club
              (6 damage)
             ... on level 4 of the Dungeon.
             The game lasted 00:08:21 (2199 turns).

Acheron the Chopper (Gargoyle Gladiator)            Turns: 2199, Time: 00:08:21

Health: -4/31      AC: 10    Str: 17    XL:     5   Next: 38%
Magic:  6/6        EV: 11    Int: 10    God:
Gold:   100        SH:  4    Dex: 11    Spells: 6/6 levels left

rFire    . . .     SeeInvis .   a - +0 war axe
rCold    . . .     Gourm    .   p - +1 buckler
rNeg     + . .     Faith    .   m - +0 ring mail
rPois    ∞         Spirit   .   c - +0 helmet
rElec    +         Reflect  .   (no cloak)
rCorr    .         Harm     .   (no gloves)
MR       .....                  (no boots)
Stlth    +.........             (no amulet)
HPRegen  0.10/turn              (no ring)
MPRegen  0.10/turn              (no ring)

@: no status effects
A: negative energy resistance 1, electricity resistance, unbreathing,
petrification resistance, rot immunity, AC +4
a: no special abilities


You were on level 4 of the Dungeon.
You were not hungry.

You visited 1 branch of the dungeon, and saw 4 of its levels.

You collected 100 gold pieces.

Inventory:

Hand Weapons
 a - a +0 war axe (weapon)
 h - a +2 long sword of protection
 j - a +0 short sword
Missiles
 d - 3 throwing nets (quivered)
 l - 42 stones
 s - 15 bolts
Armour
 b - a +0 leather armour
 c - a +0 helmet (worn)
 m - a +0 ring mail (worn)
 p - a +1 buckler (worn)
Scrolls
 e - 3 scrolls of identify
 g - 2 scrolls of remove curse
 n - a scroll of immolation
 y - a scroll of teleportation {unknown}
Potions
 k - a potion of resistance {unknown}
 o - a potion of haste {unknown}
 q - 3 potions of heal wounds
 r - a potion of mutation {unknown}
 u - a potion of magic {unknown}
 w - a potion of curing {unknown}
Comestibles
 f - 11 rations
 i - a chunk of flesh


   Skills:
 * Level 2.6 Fighting
 + Level 3.5 Axes
 * Level 2.3 Throwing
 * Level 1.4 Armour
 * Level 3.0 Dodging
 * Level 1.3 Stealth
 * Level 1.1 Shields
 * Level 1.2 Spellcasting


You had 6 spell levels left.
You didn't know any spells.
Your spell library was empty.

Dungeon Overview and Level Annotations

Branches:
Dungeon (4/15)
 Temple: D:4-7

Altars:


Innate Abilities, Weirdness & Mutations

You are resistant to torment.
Your stone body is resilient. (AC +4)
You are immune to poison.
You resist negative energy. (rN+)
You are resistant to electric shocks. (rElec)
You can survive without breathing.
You are immune to petrification.
You are immune to rotting.


Message History

You now have 100 gold pieces (gained 7).
An ogre comes into view. It is wielding a +0 giant club.
The ogre misses you.
You see here a pair of boots.
You hit the ogre but do no damage. The ogre hits you with a +0 giant club!
You hit the ogre.
The ogre is lightly wounded.
The ogre hits you with a +0 giant club.
You hit the ogre but do no damage.
The ogre is lightly wounded.
The ogre hits you with a +0 giant club!!
Ouch! That really hurt!
* * * LOW HITPOINT WARNING * * *
You barely miss the ogre.
The ogre is lightly wounded.
The ogre closely misses you.
Your ring mail prevents you from hitting the ogre.
The ogre is lightly wounded.
The ogre hits you with a +0 giant club.
You die...

##############
.............#
.............#
.............#
......O@.....#
#######......#
#......# #......#
#......###
#..........
########...........
#...................
#....................


You could see an ogre.

Vanquished Creatures
  7 adders
  3 oozes
  2 worms
  3 leopard geckos
  An orc (D:3)
  A ball python (D:1)
  4 giant cockroaches
  5 goblins
  5 hobgoblins
  8 jackals
  4 quokkas
  7 bats
  3 frilled lizards
  9 kobolds
  10 rats
72 creatures vanquished.

Notes
Turn   | Place    | Note
-------+----------+-------------------------------------------
     0 | D:1      | Acheron the Gargoyle Gladiator began the quest for the Orb.
     0 | D:1      | Reached XP level 1. HP: 12/12 MP: 1/1
   110 | D:1      | Reached XP level 2. HP: 16/17 MP: 2/2
   405 | D:2      | Reached XP level 3. HP: 21/21 MP: 3/3
  1069 | D:2      | Reached skill level 1 in Stealth
  1072 | D:2      | Reached XP level 4. HP: 14/27 MP: 5/5
  1367 | D:2      | Reached skill level 1 in Armour
  1367 | D:2      | Reached skill level 1 in Spellcasting
  1652 | D:3      | Reached XP level 5. HP: 26/31 MP: 6/6
  1752 | D:3      | Reached skill level 1 in Shields
  2193 | D:4      | Noticed an ogre
  2197 | D:4      | HP: 1/31 [ogre/+0 giant club (20)]
  2199 | D:4      | Slain by an ogre

Skill      XL: |  1  2  3  4  5 |
---------------+----------------+-----
Throwing       | 2 |  2.3
Axes           | 3 |  3.5
Stealth        | 1 |  1.3
Armour         | 1 |  1.4
Spellcasting   | 1 |  1.2
Shields        | 1 |  1.1
Dodging        | 3 |  3.0
Fighting       | |  2.6

Action                   |  1- 3 |  4- 6 || total
-------------------------+-------+-------++-------
Melee: War axe           |   133 |    87 ||   220
  Use: Scroll            |       |     7 ||     7
  Eat: Chunk             |     1 |     4 ||     5
Armor: Leather armour    |    34 |       ||    34
       Ring mail         |    56 |    39 ||    95
Dodge: Dodged            |   126 |    69 ||   195
Block: Buckler           |     8 |    17 ||    25
